 Dungeon Crawl Stone Soup version 0.27-a0-34-gc18c9092ac (webtiles) character file.

Game seed: 1990274517251610991

545123 robertstho the Champion of Chaos (level 24, 0/241 HPs)
             Began as a Deep Dwarf Fighter on Dec 29, 2020.
             Was the Champion of Makhleb.
             Slain by a reaper
             ... wielding a +1 vorpal scythe
              (5 damage)
             ... in the Vestibule of Hell on Jan 4, 2021.
             The game lasted 02:37:15 (44053 turns).

robertstho the Champion of Chaos (DDFi)            Turns: 44053, Time: 02:37:16

Health: 0/241      AC: 49    Str: 32    XL:     24   Next: 87%
Magic:  10/12      EV: 11    Int:  9    God:    Makhleb [******]
Gold:   463        SH: 15    Dex: 13    Spells: 23/23 levels left

rFire    + + +     SeeInvis .   a - +9 double sword (holy)
rCold    + + .     Faith    .   A - +1 buckler of the Present {rElec Slay+6}
rNeg     + + .     Spirit   .   q - +12 gold dragon scales (curse)
rPois    +         Reflect  +   E - +0 helmet
rElec    +         Harm     .   I - scarf {rC+ rF+}
rCorr    .         Rampage  .   y - +2 pair of gloves
Will     +++++                  X - +2 pair of boots of Weuhilinn {rF++}
Stlth    ..........             D - amulet "Saycs" {Reflect Will++ SH+5}
HPRegen  0.00/turn              u - ring "Woasa" {rN+ Dex+3 Slay+2 Stlth+}
MPRegen  0.13/turn              N - +4 ring of protection

@: lethally poisoned (0 -> 0), about to teleport, berserk cooldown,
non-regenerating, slowed, very slow
A: damage resistance, heal wounds, clumsy 1, negative energy resistance 1, sense
surroundings 3, no regeneration
}: 3/15 runes: decaying, silver, gossamer
a: Heal Wounds, Renounce Religion, Minor Destruction, Lesser Servant of Makhleb,
Major Destruction, Greater Servant of Makhleb


You were in the Vestibule of Hell.
You worshipped Makhleb.
Makhleb was exalted by your worship.
You visited 11 branches of the dungeon, and saw 45 of its levels.
You visited the Abyss 1 time.
You also visited: Sewer, Volcano and Desolation.

You collected 6433 gold pieces.
You spent 5970 gold pieces at shops.

Inventory:

Hand Weapons
 a - a +9 double sword of holy wrath (weapon)
 t - a +6 vampiric great sword
 F - the +8 broad axe of the Disturbing Artists {flame, rPois Int+2 Dex+5 SInv}
   (You found it on level 3 of the Crypt)

   It has been specially enchanted to burn those struck by it, causing extra
   injury to most foes and up to half again as much damage against particularly
   susceptible opponents.
   Big, fiery blades are also staple armaments of hydra-hunters.
   It affects your intelligence (+2).
   It affects your dexterity (+5).
   It protects you from poison.
   It lets you see invisible.
Armour
 q - cursed +12 gold dragon scales (worn)
 y - a +2 pair of gloves (worn)
 A - the +1 buckler of the Present (worn) {rElec Slay+6}
   (You found it on level 3 of the Abyss)

   It affects your accuracy and damage with ranged weapons and melee attacks
   (+6).
   It insulates you from electricity.
 E - a +0 helmet (worn)
 G - +3 storm dragon scales {Bai Suzhen}
 I - a scarf of resistance (worn)
 T - the +1 pair of boots of Bad Feelings {rN+ Will+ Str+3 Int+4}
   (You found it on level 3 of the Lair of Beasts)

   It affects your strength (+3).
   It affects your intelligence (+4).
   It protects you from negative energy.
   It affects your willpower, your defense against some magical effects.
 X - the +2 pair of boots of Weuhilinn (worn) {rF++}
   (You found it on level 4 of the Spider Nest)

   It greatly protects you from fire.
Jewellery
 m - the ring "Ufoamoin" {*Drain rElec MP+9 Int+8 Dex+4, unknown}
   (You found it on level 3 of the Crypt)

   [ring of magical power]

   It affects your intelligence (+8).
   It affects your dexterity (+4).
   It insulates you from electricity.
   It affects your magic capacity (+9).
   It causes draining when unequipped.
 u - the ring "Woasa" (left hand) {rN+ Dex+3 Slay+2 Stlth+}
   (You acquired it on level 6 of the Lair of Beasts)

   [ring of positive energy]

   It affects your dexterity (+3).
   It affects your accuracy and damage with ranged weapons and melee attacks
   (+2).
   It protects you from negative energy.
   It makes you more stealthy.
 x - the ring of Ehysuwum {rPois Will+}
   (You found it in the Desolation of Salt)

   [ring of poison resistance]

   It protects you from poison.
   It affects your willpower, your defense against some magical effects.
 z - an uncursed ring of resist corrosion
 D - the amulet "Saycs" (around neck) {Reflect Will++ SH+5}
   (You found it in the Desolation of Salt)

   [amulet of reflection]

   It shields you and reflects attacks.
   It affects your willpower, your defense against some magical effects.
   It affects your SH (+5).
 J - an uncursed ring of flight
 L - an uncursed ring of protection from cold
 N - a +4 ring of protection (right hand)
 W - an uncursed ring of see invisible
Wands
 v - a wand of iceblast (63)
 H - a wand of acid (35)
 S - a wand of digging (13)
 V - a wand of disintegration (14)
Scrolls
 c - 7 scrolls of silence
 d - 20 scrolls of remove curse
 e - 14 scrolls of teleportation
 p - 7 scrolls of fog
 r - 5 scrolls of fear
 s - 21 scrolls of identify
 w - 2 scrolls of enchant armour
 B - a scroll of holy word
 C - 6 scrolls of magic mapping
 K - 7 scrolls of immolation
 P - 3 scrolls of blinking
 R - 2 scrolls of summoning
 U - a scroll of brand weapon
Potions
 b - 10 potions of flight
 g - 13 potions of heal wounds
 h - 2 potions of berserk rage
 j - 6 potions of magic
 k - 10 potions of cancellation
 l - 22 potions of curing
 M - 6 potions of haste
 O - 3 potions of invisibility
 Z - 10 potions of ambrosia
Miscellaneous
 f - a condenser vane
 n - a box of beasts


   Skills:
 * Level 19.1 Fighting
 + Level 0.5(11.1) Short Blades
 + Level 17.8 Long Blades
 + Level 7.3(8.0) Axes
 + Level 4.5(6.2) Maces & Flails
 + Level 1.1(1.3) Slings
 + Level 0.3 Bows
 + Level 1.0 Crossbows
 + Level 0.5(0.9) Throwing
 * Level 21.2 Armour
 + Level 7.9 Dodging
 + Level 5.6 Stealth
 + Level 20.8 Shields
 * Level 21.3 Invocations
 + Level 1.8 Evocations


You had 23 spell levels left.
You didn't know any spells.
Your spell library contained the following spells:

 Spells                   Type           Power        Failure   Level
 Animate Skeleton         Necr           0%           97%         1
 Apportation              Tloc           0%           97%         1
 Beastly Appendage        Tmut           0%           97%         1
 Corona                   Hex            0%           97%         1
 Foxfire                  Conj/Fire      0%           97%         1
 Magic Dart               Conj           0%           97%         1
 Pain                     Necr           0%           97%         1
 Summon Small Mammal      Summ           0%           97%         1
 Call Imp                 Summ           0%           99%         2
 Corpse Rot               Necr/Air       N/A          99%         2
 Ensorcelled Hibernation  Hex/Ice        0%           99%         2
 Poisonous Vapours        Pois/Air       0%           99%         2
 Searing Ray              Conj           0%           99%         2
 Slow                     Hex            0%           99%         2
 Sublimation of Blood     Necr           0%           99%         2
 Wereblood                Tmut           0%           99%         2
 Call Canine Familiar     Summ           0%           100%        3
 Confusing Touch          Hex            0%           100%        3
 Conjure Flame            Conj/Fire      0%           100%        3
 Dazzling Flash           Conj/Hex       0%           100%        3
 Gell's Gravitas          Tloc           0%           100%        3
 Ignite Poison            Fire/Tmut/Pois 0%           100%        3
 Inner Flame              Hex/Fire       0%           100%        3
 Lesser Beckoning         Tloc           0%           100%        3
 Portal Projectile        Hex/Tloc       0%           100%        3
 Spider Form              Tmut/Pois      0%           100%        3
 Summon Guardian Golem    Hex/Summ       0%           100%        3
 Tukima's Dance           Hex            0%           100%        3
 Vampiric Draining        Necr           0%           100%        3
 Animate Dead             Necr           0%           100%        4
 Cause Fear               Hex            0%           100%        4
 Dispel Undead            Necr           0%           100%        4
 Fulminant Prism          Conj/Hex       0%           100%        4
 Ice Form                 Ice/Tmut       0%           100%        4
 Iskenderun's Mystic Bla  Conj/Tloc      0%           100%        4
 Leda's Liquefaction      Hex/Erth       0%           100%        4
 Petrify                  Tmut/Erth      0%           100%        4
 Sticky Flame             Conj/Fire      0%           100%        4
 Summon Ice Beast         Ice/Summ       0%           100%        4
 Summon Lightning Spire   Summ/Air       0%           100%        4
 Agony                    Necr           0%           100%        5
 Alistair's Intoxication  Tmut/Pois      0%           100%        5
 Blade Hands              Tmut           0%           100%        5
 Bolt of Magma            Conj/Fire/Erth 0%           100%        5
 Borgnjor's Vile Clutch   Necr/Erth      0%           100%        5
 Excruciating Wounds      Necr           0%           100%        5
 Fireball                 Conj/Fire      0%           100%        5
 Iskenderun's Battlesphe  Conj           0%           100%        5
 Metabolic Englaciation   Hex/Ice        0%           100%        5
 Summon Demon             Summ           0%           100%        5
 Summon Forest            Summ/Tloc      0%           100%        5
 Summon Mana Viper        Hex/Summ       0%           100%        5
 Yara's Violent Unravell  Hex/Tmut       0%           100%        5
 Freezing Cloud           Conj/Ice/Air   0%           100%        6
 Invisibility             Hex            0%           100%        6
 Iron Shot                Conj/Erth      0%           100%        6
 Ozocubu's Refrigeration  Ice            0%           100%        6
 Shadow Creatures         Summ           N/A          100%        6
 Simulacrum               Ice/Necr       0%           100%        6
 Starburst                Conj/Fire      0%           100%        6
 Orb of Destruction       Conj           0%           100%        7
 Spellforged Servitor     Conj/Summ      0%           100%        7
 Summon Hydra             Summ           0%           100%        7
 Ignition                 Fire           0%           100%        8
 Tornado                  Air            0%           100%        9


Dungeon Overview and Level Annotations

Branches:
Dungeon (15/15)            Temple (1/1) D:7            Lair (6/6) D:10
  Swamp (4/4) Lair:2       Spider (4/4) Lair:4        Slime (0/5) Lair:6
    Orc (2/2) D:11            Elf (3/3) Orc:2        Vaults (5/5) D:14
  Crypt (3/3) Vaults:2       Tomb (0/3) Crypt:3      Depths (1/5) D:15
   Hell (1/1)                 Geh (0/7) Hell          Sewer (visited)
Volcano (visited)         Desolation (visited)
    Dis: Hell:1         Coc: Hell:1         Tar: Hell:1

Altars:
Ashenzari
Dithmenos
Kikubaaqudgha
Makhleb
Nemelex Xobeh
Ru
Sif Muna
Uskayaw
Vehumet
Xom
Yredelemnul
Zin
Jiyva

Shops:
D:10 [*}   D:14 [   Orc:2 }!}[(   Elf:1 (([}   Elf:2 :!   Vaults:1 ?
Vaults:2 !   Vaults:3 *[   Vaults:4 !![![   Depths:1 }

Portals:
Hell: Depths:1
Ziggurat: Depths:1

Annotations:
Elf:3 3 runed translucent doors, teolandon225's ghost, adept MiBe
Vaults:4 Gloves of strength potions of healing / curing


Innate Abilities, Weirdness & Mutations

You are resistant to damage.
You can heal yourself by infusing magical energy.
You resist negative energy. (rN+)
You passively map a large area around you.
You do not regenerate.
You are clumsy. (Dex -2)


Message History

The reaper hits you but does no damage.
The red devil hits you from afar with a +1 antimagic trident!
* * * LOW HITPOINT WARNING * * *
You feel your power leaking away. You block the orange demon's attack.
The reaper hits you but does no damage.
The skeletal warrior hits you but does no damage.
You block the skeletal warrior's attack.
The reaper completely misses you. The orange demon closely misses you.
You block the red devil's attack.
The reaper hits you from afar with a +4 vampiric scythe!
* * * LOW HITPOINT WARNING * * *
The red devil hits you but does no damage.
The reaper hits you from afar with a +2 scythe of protection!!
* * * LOW HITPOINT WARNING * * *
The reaper shouts, "Die, robertstho!"
The reaper hits you but does no damage. The red devil barely misses you.
You block the orange demon's attack. The orange demon misses you.
You block the red devil's attack.
The reaper hits you from afar with a +1 vorpal scythe!
You die...

,..# ##.....## ,, ...#
##...#...## * , , ....#
##.........## , ,
,≈≈≈..# ##8#.......#.# ,
*
≈.§§..####4Z.......∩...
* ,
≈..∩≈≈.2##344Z..........
,,,
....§44)z2445..........
,, ,≈
...§44..z2#.4Z........#
,
≈...§§2@.22z445.)..)....
≈ ≈
..§≈§..##zz.ZZ.))......
≈≈.≈§§.####.Z.).....∩...
, * ≈ .≈§≈..#
##Z#...)...#.# ....#*
##Z.)}.....## * ....#
##...#...## *≈ ≈...#*
##.....## ≈ ..# ##...##
≈* ≈ , * #...#


You could see an iron golem, 6 reapers, 5 skeletal warriors, a soul eater, an
orange demon, 5 ice devils, 2 rust devils, 4 red devils, an iron imp, a crimson
imp, an eight-headed hydra zombie, a four-headed hydra zombie, a cane toad
zombie, a stone giant zombie, a swamp dragon skeleton and an iron dragon
skeleton.

Vanquished Creatures
  Mara (Vaults:4)
  Sojobo (Depths:1)
  Bai Suzhen (Spider:3)
  Xtahua (Vaults:5)
  A golden dragon (Vaults:5)
  7 liches
  The ghost of Geil the Bludgeoner, an adept TrFi of Okawaru (Depths:1)
  3 tentacled monstrosities (Vaults:5)
  A titan (Vaults:5)
  A quicksilver dragon (Vaults:5)
  A deep elf blademaster (Elf:3)
  2 deep elf master archers (Elf:3)
  3 ancient champions
  3 sphinxes
  Frances (D:13)
  A thorn hunter (Swamp:1)
  A tentacled starspawn (Abyss:3)
  Roxanne (D:14)
  Kirke (D:15)
  5 revenants
  2 shadow dragons
  4 tengu reavers
  2 imperial myrmidons (Desolation)
  11 vault wardens
  Aizul (Vaults:4)
  3 fire giants
  3 deep elf sorcerers (Elf:3)
  2 ghost moths
  4 frost giants
  2 curse skulls
  2 ghouls (Crypt:2)
  6 emperor scorpions
  3 deep elf elementalists
  11 ironheart preservers
  10 stone giants
  3 war gargoyles (Vaults:5)
  10 vampire knights
  2 reapers
  6 very ugly things
  6 deep elf demonologists
  3 deep elf annihilators
  2 halazid warlocks (Desolation)
  2 dire elephants (Lair:6)
  2 entropy weavers
  6 bunyips
  6 eleionomae
  3 crystal guardians (Desolation)
  A spectral golden dragon (Crypt:3)
  7 ettins
  5 eidola
  12 jiangshi
  4 deep elf death magi
  2 mummy priests (Crypt:1)
  6 ragged hierophants (Desolation)
  A deep elf high priest (Elf:3)
  13 yaktaur captains
  A great orb of eyes (Abyss:3)
  8 fire dragons
  A shambling mangrove (Swamp:3)
  3 rakshasas
  8 servants of whispers (Desolation)
  28 vault guards
  6 boulder beetles
  5 ghost crabs
  A quicksilver dragon skeleton (Crypt:3)
  4 ice dragons
  The ghost of sahdkjhfkaj the Martial Artist, a journeyman GnTm of Sif Muna (D:9)
  24 hydras
  6 peacekeepers
  A hell beast (Hell)
  Erica (D:9)
  13 centaur warriors
  An anaconda (Lair:6)
  4 death knights
  11 ogre magi
  38 two-headed ogres
  9 alligators
  24 dancing weapons
  4 deep troll earth magi (Depths:1)
  2 tengu warriors
  3 deep troll shamans
  7 hell hogs
  The ghost of Kedghoxa the Gelid, a journeyman DEIE of Vehumet (D:14)
  An orc high priest (Orc:2)
  8 vampire magi
  19 deep elf knights
  Nergalle (Lair:4)
  A thrashing horror (Abyss:3)
  3 sun demons (Hell)
  4 small abominations
  3 soul eaters
  6 hell knights
  2 iron trolls (Depths:1)
  11 shadow wraiths
  2 wretched stars (Abyss:3)
  A spark wasp zombie (Crypt:2)
  7 goliath frogs
  A golden dragon zombie (Crypt:2)
  16 skeletal warriors
  10 swamp dragons
  The ghost of Asceticacid the Slicer, a novice VSBe of Trog (D:8)
  6 flayed ghosts
  2 shadow demons (Depths:1)
  16 deep trolls
  2 unseen horrors
  2 spriggan druids (Swamp:2)
  8 deep elf archers
  2 glowing orange brains
  6 wizards
  9 bog bodies
  7 necromancers
  26 phantasmal warriors
  A swamp dragon (shapeshifter) (D:15)
  43 deep elf magi
  9 ironbrand convokers
  13 orb spiders
  A lindwurm (Orc:1)
  10 orc knights
  A wolf spider zombie (D:15)
  41 ugly things
  15 wolf spiders
  A fire giant zombie (Crypt:1)
  8 cyclopes
  4 manticores
  3 orc sorcerers
  2 oklob plants
  3 frost giant zombies (Crypt:1)
  A manticore (shapeshifter) (Vaults:3)
  4 human zombies (Vaults:4)
  A will-o-the-wisp (Swamp:3)
  An elephant (shapeshifter) (Vaults:5)
  A fire giant skeleton (Vaults:4)
  A cyclops (shapeshifter) (Vaults:5)
  4 large abominations (Abyss:3)
  2 salamanders (shapeshifter)
  2 moths of wrath (Spider:4)
  3 centaur zombies
  A stone giant skeleton (Hell)
  A salamander (Volcano)
  22 elephants
  A guardian serpent (shapeshifter) (Vaults:2)
  2 human skeletons
  Psyche (D:9)
  3 rust devils
  2 black mambas
  A naga mage (D:15)
  A torpor snail (Lair:6)
  A water nymph (shapeshifter) (Vaults:4)
  2 guardian serpents (Desolation)
  4 cane toads
  2 gargoyles
  A molten gargoyle (Desolation)
  A death yak zombie (Crypt:2)
  4 smoke demons
  Maggie (D:6)
  A shock serpent skeleton (Crypt:3)
  A hellion (Hell)
  A rime drake (shapeshifter) (Vaults:2)
  11 vault sentinels
  An emperor scorpion zombie (Crypt:1)
  2 kobold demonologists
  4 komodo dragons
  5 rime drakes
  46 yaktaurs
  An ancient zyme (Abyss:3)
  10 demonic crawlers
  17 freezing wraiths
  A death yak skeleton (Crypt:3)
  An efreet (D:15)
  2 ice devils (Hell)
  A red devil (Hell)
  3 tengu conjurers
  An iron troll zombie (Crypt:1)
  2 polar bears
  A harpy zombie (Crypt:1)
  2 queen bees
  A troll (shapeshifter) (Vaults:3)
  A tengu simulacrum (Vaults:4)
  A meliai (Lair:5)
  2 red draconian skeletons
  7 hornets
  A polar bear (shapeshifter) (Abyss:3)
  7 tyrant leeches
  25 jumping spiders
  20 trolls
  Prince Ribbit (Lair:1)
  15 slime creatures
  39 saltlings
  4 raiju (Abyss:3)
  15 blink frogs
  11 dream sheep
  A human simulacrum (Vaults:3)
  19 flying skulls
  56 redbacks
  12 shadows
  27 wraiths
  A redback (shapeshifter) (Vaults:5)
  2 water elementals (Elf:1)
  3 air elementals
  8 wyverns
  A ynoxinul (Abyss:3)
  2 ettin skeletons
  3 spriggans
  13 tarantellas
  A hog (D:15)
  A tarantella (shapeshifter) (D:13)
  A vampire (D:12)
  8 fire elementals
  A human (shapeshifter) (Vaults:5)
  48 yaks
  A fire bat (Volcano)
  A hog (shapeshifter) (Vaults:5)
  5 basilisks
  A neqoxec (Abyss:3)
  A steam dragon (D:10)
  Grum (D:9)
  A yaktaur simulacrum (Vaults:2)
  15 vampire mosquitoes
  3 gelid demonspawn zombies
  15 swamp worms
  9 wargs
  A deep troll zombie (Vaults:2)
  5 acid dragons
  14 water moccasins
  A cane toad skeleton (Hell)
  A soldier ant (D:14)
  3 hell hounds
  A swamp drake (Swamp:4)
  32 orc warriors
  An ice beast (D:6)
  A monstrous demonspawn skeleton (Crypt:3)
  A necrophage (D:10)
  2 black bears
  10 starcursed masses (Abyss:3)
  An eye of draining (D:12)
  2 hornet zombies
  48 ogres
  6 phantoms
  4 boggarts (Vaults:2)
  A dream sheep skeleton (Crypt:1)
  20 wolves
  A blink frog skeleton (Crypt:3)
  30 centaurs
  A manticore skeleton (Crypt:3)
  An elf skeleton (Vaults:4)
  3 big kobolds
  24 bullfrogs
  A spectral human (Crypt:1)
  An earth elemental (Elf:2)
  2 wyvern skeletons
  4 scorpions
  2 water moccasin skeletons (D:4)
  An orc simulacrum (Vaults:1)
  13 killer bees
  9 wights
  5 electric eels
  3 howler monkeys
  A crimson imp (Hell)
  4 quasits
  5 hounds
  29 orc wizards
  4 centaur skeletons
  14 orc priests
  15 jellies
  4 bullfrog skeletons
  3 iguanas
  2 iron imps
  9 hell rats (Lair:5)
  7 worker ants
  A naga zombie (Hell)
  6 ogre zombies (D:11)
  A felid zombie (Crypt:3)
  A felid skeleton (Crypt:1)
  A hound skeleton (D:8)
  4 gnolls (D:6)
  A worker ant zombie (D:10)
  9 adders
  3 river rats
  3 shadow imps
  A swamp drake skeleton (Crypt:2)
  3 white imps
  2 ufetubi (D:9)
  22 oozes
  An adder skeleton (Crypt:2)
  4 worms
  2 dart slugs
  5 leopard geckos
  79 orcs
  6 ball pythons
  7 bats
  A bat skeleton (Crypt:1)
  8 giant cockroaches
  7 hobgoblins
  12 jackals
  3 quokkas
  A river rat zombie (Crypt:3)
  9 frilled lizards
  16 goblins
  3 goblin skeletons (D:11)
  5 goblin zombies (D:11)
  A hobgoblin skeleton (D:11)
  A hobgoblin zombie (D:11)
  A jackal skeleton (D:4)
  A jackal zombie (D:8)
  13 kobolds
  9 orc zombies (D:11)
  A quokka zombie (Crypt:2)
  12 rats
  3 crawling corpses (Elf:3)
  A starspawn tentacle (Abyss:3)
1977 creatures vanquished.

Vanquished Creatures (collateral kills)
  Geryon (Hell)
  Arachne (Spider:2)
  A lich (D:14)
  A tentacled monstrosity (Vaults:5)
  A titan (Vaults:5)
  2 deep elf blademasters
  2 deep elf master archers (Elf:3)
  A tengu reaver (Vaults:5)
  A storm dragon (Vaults:5)
  2 fire giants (Vaults:5)
  An emperor scorpion (Spider:4)
  2 deep elf sorcerers (Elf:3)
  2 vault wardens
  A cacodemon (Hell)
  2 deep elf elementalists
  2 ironheart preservers
  Nessos (Lair:5)
  A spark wasp (Spider:3)
  2 entropy weavers
  A deep elf annihilator (Elf:3)
  A dire elephant (Lair:6)
  An eleionoma (Swamp:4)
  An ettin (Vaults:2)
  2 deep elf death magi (Elf:3)
  A green death (Hell)
  Josephine (Lair:6)
  A deep elf high priest (Elf:3)
  A ragged hierophant (Desolation)
  A boulder beetle (Spider:3)
  A vault guard (Vaults:5)
  An ice dragon (Vaults:1)
  A peacekeeper (Desolation)
  4 hydras (Swamp:4)
  A two-headed ogre (D:14)
  An ogre mage (D:14)
  3 dancing weapons
  3 deep elf knights
  A soul eater (Hell)
  A skeletal warrior (Hell)
  A hell knight (Hell)
  A sun demon (Hell)
  A sixfirhy (Hell)
  A sea snake (shapeshifter) (Vaults:5)
  A goliath frog (Swamp:1)
  2 deep trolls (Vaults:4)
  A phantasmal warrior (Crypt:3)
  3 ironbrand convokers
  4 bog bodies (Swamp:4)
  2 necromancers
  3 swamp dragons
  4 harpies (Vaults:1)
  3 orc knights
  A deep elf archer (Elf:3)
  An anaconda skeleton (Hell)
  2 wolf spiders
  An orb spider (Spider:3)
  A cyclops (Vaults:1)
  6 deep elf magi
  A will-o-the-wisp (Swamp:2)
  2 guardian serpents (Desolation)
  12 ugly things (Vaults:1)
  A vault sentinel (Vaults:1)
  2 orange demons (Hell)
  A demonic crawler (Spider:2)
  A yaktaur skeleton (Vaults:4)
  2 komodo dragons
  A red devil (Hell)
  2 yaktaurs
  2 meliai (Lair:5)
  A hydra zombie (Hell)
  8 jumping spiders
  4 saltlings (Desolation)
  A hornet (Swamp:3)
  4 dream sheep (Lair:6)
  A tyrant leech (Swamp:1)
  An ettin zombie (Vaults:2)
  A slime creature (Vaults:2)
  17 redbacks
  3 tarantellas
  A water elemental (Hell)
  A wraith (Lair:6)
  4 vampire mosquitoes
  A cane toad zombie (Hell)
  3 orc warriors
  5 swamp drakes (Swamp:4)
  A boggart (Vaults:2)
  An elf skeleton (Vaults:4)
  2 human zombies (Vaults:2)
  7 killer bees (Lair:5)
  A human simulacrum (Vaults:2)
  A crimson imp (Hell)
  3 hell rats (Lair:5)
  2 orcs
  A crawling corpse (Elf:3)
196 creatures vanquished.

Vanquished Creatures (others)
  Asterion (Elf:3)
  A tengu reaver (Depths:1)
  2 ancient champions (Hell)
  A centaur warrior (D:10)
  A bog body (Swamp:4)
  A phantasmal warrior (Crypt:3)
  A necromancer (Hell)
  A deep elf mage (Elf:3)
  A wolf spider (Spider:4)
  A smoke demon (Hell)
  A freezing wraith (D:15)
  A tengu conjurer (D:13)
  A raiju (Abyss:3)
  A spriggan (Swamp:2)
  A tarantella (Spider:4)
  A fire elemental (Hell)
  2 swamp worms
  A swamp drake (Swamp:4)
  A starcursed mass (Abyss:3)
  A killer bee (D:10)
  A wight (Abyss:3)
  A howler monkey (D:10)
  A crimson imp (Abyss:3)
  A jelly (D:10)
  3 orc wizards
  A worker ant (D:10)
  A bush (Lair:4)
  3 foxfires
  43 fungi
  3 lurking horrors (Abyss:3)
  29 plants
  3 starspawn tentacles (Abyss:3)
112 creatures vanquished.

Grand Total: 2285 creatures vanquished

Notes
Turn   | Place    | Note
-------+----------+-------------------------------------------
     0 | D:1      | robertstho the Deep Dwarf Fighter began the quest for the
                  | Orb.
     0 | D:1      | Reached XP level 1. HP: 20/20 MP: 1/1
    89 | D:1      | Reached XP level 2. HP: 27/27 MP: 2/2
   295 | D:1      | Reached XP level 3. HP: 34/34 MP: 3/3
  1086 | D:2      | Found a basalt altar of Yredelemnul.
  1128 | D:2      | Reached XP level 4. HP: 28/42 MP: 4/4
  1378 | D:3      | Found a shadowy altar of Dithmenos.
  1400 | D:3      | Found a radiant altar of Vehumet.
  1698 | D:3      | Found a shimmering blue altar of Sif Muna.
  1715 | D:3      | Found a faded altar of an unknown god.
  1836 | D:3      | Reached skill level 1 in Dodging
  1836 | D:3      | Reached XP level 5. HP: 27/49 MP: 5/5
  1895 | D:4      | Noticed an ogre
  1904 | D:4      | Killed an ogre
  2153 | D:4      | Reached XP level 6. HP: 55/57 MP: 4/4
  2639 | D:4      | Reached skill level 5 in Armour
  2808 | D:4      | Found a glowing silver altar of Zin.
  2809 | D:4      | Noticed an angel
  2830 | D:5      | Entered Level 5 of the Dungeon
  2866 | D:5      | Reached skill level 5 in Axes
  2866 | D:5      | Reached XP level 7. HP: 40/64 MP: 5/5
  3270 | D:5      | Found a glowing drain.
  3292 | Sewer    | Entered a sewer
  3303 | Sewer    | Reached XP level 8. HP: 47/73 MP: 5/5
  3374 | Sewer    | Reached skill level 5 in Shields
  3390 | Sewer    | Found a white marble altar of Elyvilon.
  3552 | D:6      | Noticed Maggie
  3573 | D:6      | Killed Maggie
  3574 | D:6      | Reached skill level 5 in Fighting
  3943 | D:6      | Got a citrine-studded leather armour
  3953 | D:6      | Identified the +3 leather armour "Peixke Ugoemm" {Str+2}
                  | (You found it on level 6 of the Dungeon)
  4029 | D:6      | Reached skill level 1 in Maces & Flails
  4202 | D:6      | Found a sacrificial altar of Ru.
  4553 | D:7      | Gained mutation: You passively map the area around you.
                  | [Deep Dwarf growth]
  4553 | D:7      | Reached XP level 9. HP: 60/81 MP: 6/6
  4602 | D:7      | Found a staircase to the Ecumenical Temple.
  4616 | Temple   | Entered the Ecumenical Temple
  4624 | Temple   | Became a worshipper of Makhleb the Destroyer
  4713 | D:7      | Found an ancient bone altar of Kikubaaqudgha.
  5129 | D:8      | Noticed a two-headed ogre
  5139 | D:8      | Killed a two-headed ogre
  5159 | D:8      | Reached skill level 1 in Stealth
  5257 | D:8      | Found a large runed translucent door.
  5257 | D:8      | Found a large runed translucent door.
  5290 | D:8      | You fall into a shaft and drop 1 floor!
  5292 | D:9      | Noticed Erica
  5315 | D:9      | Reached skill level 1 in Long Blades
  5319 | D:9      | Reached * piety under Makhleb
  5329 | D:9      | Killed Erica
  5330 | D:9      | Reached XP level 10. HP: 62/92 MP: 9/9
  5399 | D:9      | Found a transporter.
  5399 | D:9      | Noticed sahdkjhfkaj's ghost (journeyman GnTm)
  5403 | D:9      | Found a transporter.
  5475 | D:9      | Found a shadowy altar of Dithmenos.
  5563 | D:9      | Noticed Psyche
  5564 | D:9      | Noticed Grum
  5581 | D:9      | Killed Grum
  5586 | D:9      | Paralysed by something for 7 turns
  5598 | D:9      | HP: 4/88 [something (5)]
  5599 | D:9      | HP: 1/88 [something (1)]
  5608 | D:9      | Killed Psyche
  5774 | D:9      | Found a hide-covered altar of Uskayaw.
  5906 | D:8      | Noticed Asceticacid's ghost (novice VSBe)
  5946 | D:8      | Found a broken altar of Ashenzari.
  6444 | D:10     | Entered Level 10 of the Dungeon
  6454 | D:10     | Paralysed by a hornet for 1 turns
  6456 | D:10     | Paralysed by a hornet for 3 turns
  6525 | D:10     | Found Nudif Luwki's Assorted Antiques.
  6530 | D:10     | Noticed a centaur warrior
  6668 | D:10     | Killed a centaur warrior
  6669 | D:10     | Reached skill level 5 in Invocations
  6678 | D:10     | Reached ** piety under Makhleb
  6691 | D:10     | Reached skill level 5 in Long Blades
  6692 | D:10     | Reached skill level 10 in Armour
  6739 | D:10     | Found Oguatob's Gadget Shop.
  6756 | D:10     | Reached XP level 11. HP: 84/103 MP: 9/9
  6829 | D:10     | Bought a tubular pearl ring for 165 gold pieces
  6829 | D:10     | Bought a scroll labelled UTAZ JIAKHIZAM for 33 gold pieces
  6829 | D:10     | Bought a scroll of identify for 66 gold pieces
  6829 | D:10     | Bought a scroll labelled AMOWOH QYP GEACW for 33 gold
                  | pieces
  6829 | D:10     | Bought a scroll of identify for 66 gold pieces
  6829 | D:10     | Bought a scroll labelled IRIFIKHLEASCH for 33 gold pieces
  6829 | D:10     | Bought an orange potion for 29 gold pieces
  6829 | D:10     | Bought a potion of curing for 99 gold pieces
  7031 | D:10     | Found Yvunetir's Antique Armour Shoppe.
  7097 | D:10     | Found a staircase to the Lair.
  7222 | D:10     | Reached *** piety under Makhleb
  7377 | D:11     | Noticed a red ugly thing
  7423 | D:11     | Killed an unseen horror
  7468 | D:11     | Killed a red ugly thing
  7551 | D:11     | Noticed a purple ugly thing
  7562 | D:11     | Killed a purple ugly thing
  7704 | D:11     | You fall into a shaft and drop 1 floor!
  7708 | D:12     | Noticed a green ugly thing
  7712 | D:12     | Killed a green ugly thing
  7835 | D:12     | Noticed a death knight
  7844 | D:12     | Killed a death knight
  7850 | D:12     | Reached **** piety under Makhleb
  8143 | D:12     | Noticed a boulder beetle
  8168 | D:12     | Reached XP level 12. HP: 74/114 MP: 0/7
  8169 | D:12     | Killed a boulder beetle
  8433 | D:11     | Found a staircase to the Orcish Mines.
  8561 | D:11     | Reached ***** piety under Makhleb
  8758 | D:10     | Bought a pair of runed gloves for 157 gold pieces
  8805 | Lair:1   | Entered Level 1 of the Lair of Beasts
  8994 | Lair:1   | Noticed Prince Ribbit
  9019 | Lair:1   | Killed Prince Ribbit
  9733 | Lair:2   | Noticed a five-headed hydra
  9733 | Lair:2   | Noticed a five-headed hydra
  9735 | Lair:2   | Noticed a four-headed hydra
  9763 | Lair:2   | Killed a one-headed hydra
  9766 | Lair:2   | Killed a one-headed hydra
  9774 | Lair:2   | Killed a one-headed hydra
  9799 | Lair:2   | Reached skill level 10 in Fighting
  9842 | Lair:2   | Got a clouded amber ring
  9868 | Lair:2   | Noticed a four-headed hydra
  9874 | Lair:2   | Killed a one-headed hydra
 10112 | Lair:2   | Found a staircase to the Swamp.
 10112 | Lair:2   | Noticed a four-headed hydra
 10123 | Lair:2   | Killed a one-headed hydra
 10123 | Lair:2   | Noticed a five-headed hydra
 10124 | Lair:2   | Reached skill level 10 in Long Blades
 10129 | Lair:2   | Reached XP level 13. HP: 110/123 MP: 9/9
 10919 | Lair:3   | Got a pair of polished boots
 10924 | Lair:3   | Identified the +1 pair of boots of Bad Feelings {rN+ Will+
                  | Str+3 Int+4} (You found it on level 3 of the Lair of
                  | Beasts)
 11042 | Lair:3   | Reached skill level 10 in Invocations
 11488 | Lair:4   | Reached ****** piety under Makhleb
 11537 | Lair:4   | Identified the ring of the Prince of Darkness {MP+9 Str+4}
                  | (You found it on level 2 of the Lair of Beasts)
 11646 | Lair:4   | Noticed Nergalle
 11668 | Lair:4   | Killed Nergalle
 11773 | Lair:4   | Found a hole to the Spider Nest.
 12430 | Lair:5   | Noticed Nessos
 12449 | Lair:5   | Killed Nessos
 12472 | Lair:5   | Gained mutation: You resist negative energy. (rN+) [Deep
                  | Dwarf growth]
 12472 | Lair:5   | Reached XP level 14. HP: 91/135 MP: 11/11
 13198 | Lair:6   | Entered Level 6 of the Lair of Beasts
 13291 | Lair:5   | Got a turquoise-studded chain mail
 13301 | Lair:5   | Identified the +5 chain mail "Xiref" {rF+ Int+4} (You found
                  | it on level 5 of the Lair of Beasts)
 13327 | Lair:6   | Noticed Josephine
 13350 | Lair:6   | Killed Josephine
 13701 | Lair:6   | Found a staircase to the Slime Pits.
 13702 | Lair:6   | Found a viscous altar of Jiyva.
 13778 | Lair:6   | Identified a scroll of acquirement
 13787 | Lair:6   | Acquired the ring "Woasa" {rN+ Dex+3 Slay+2 Stlth+}
 14988 | D:13     | Noticed Frances
 15017 | D:13     | Killed Frances
 15864 | D:14     | Identified Roxanne's Grimoire of Shape Shifting
 15864 | D:14     | Noticed Roxanne
 15883 | D:14     | Killed Roxanne
 15884 | D:14     | Reached XP level 15. HP: 126/144 MP: 13/13
 15990 | D:14     | Found a runed translucent gate.
 15996 | D:14     | Found a gate to the Vaults.
 16031 | D:14     | Found a runed translucent gate.
 16032 | D:14     | Found an ancient bone altar of Kikubaaqudgha.
 16033 | D:14     | Noticed a lich
 16033 | D:14     | Noticed a lich
 16034 | D:14     | Found a runed translucent gate.
 16034 | D:14     | Noticed a lich
 16034 | D:14     | Noticed Kedghoxa's ghost (journeyman DEIE)
 16034 | D:14     | Noticed a lich
 16056 | D:14     | Killed a lich
 16060 | D:14     | Killed a lich
 16064 | D:14     | Killed a lich
 16071 | D:14     | Killed Kedghoxa's ghost
 16086 | D:14     | Killed a lich
 16097 | D:14     | Got a crude garnet amulet
 16102 | D:14     | Got a bloodstained cloak
 16105 | D:14     | Identified Kikubaaqudgha's Disquisition on Dark Secrets
 16109 | D:14     | Got a slimy dagger
 16110 | D:14     | Identified the +8 dagger of Mastery {flame, rF+} (You found
                  | it on level 14 of the Dungeon)
 16123 | D:14     | Identified the +0 cloak of Hairy Satisfaction {rPois Str+2}
                  | (You found it on level 14 of the Dungeon)
 16132 | D:14     | Found Poogig Kaxu's Antique Armour Shoppe.
 16136 | D:14     | Bought a dazzling helmet for 285 gold pieces
 16146 | D:14     | Identified the cursed -3 helmet of Pofood {rN+ Str+2} (You
                  | bought it in a shop on level 14 of the Dungeon)
 16670 | D:15     | Entered Level 15 of the Dungeon
 16781 | D:15     | Found a staircase to the Depths.
 16862 | D:15     | Reached skill level 5 in Dodging
 16866 | D:15     | Reached skill level 10 in Shields
 16941 | D:15     | Identified the amulet "Ore Wow" {Spirit Str+2 Dex+3} (You
                  | found it on level 14 of the Dungeon)
 16990 | D:15     | Reached skill level 15 in Armour
 17154 | D:15     | Noticed Kirke
 17168 | D:15     | Noticed a sphinx
 17168 | D:15     | Killed Kirke
 17644 | Swamp:1  | Entered Level 1 of the Swamp
 17664 | Swamp:1  | Noticed a thorn hunter
 17680 | Swamp:1  | Killed a thorn hunter
 18589 | Swamp:2  | Reached XP level 16. HP: 154/154 MP: 15/15
 18827 | Swamp:2  | You fall into a shaft and drop 1 floor!
 20025 | Swamp:4  | Entered Level 4 of the Swamp
 20265 | Swamp:4  | Got a decaying rune of Zot
 20736 | Spider:1 | Entered Level 1 of the Spider Nest
 21269 | Spider:2 | Noticed Arachne
 21302 | Spider:2 | Killed Arachne
 21303 | Spider:2 | Reached XP level 17. HP: 23/164 MP: 15/15
 22055 | Spider:3 | Noticed Bai Suzhen
 22085 | Spider:3 | Killed Bai Suzhen
 22383 | Spider:3 | Reached skill level 15 in Invocations
 22756 | Spider:4 | Entered Level 4 of the Spider Nest
 22890 | Spider:4 | Upgraded the game from 0.26-a0-1205-g4083c211ab to
                  | 0.27-a0-13-g87abb2d9eb
 23206 | Spider:4 | Got a pair of warped boots
 23232 | Spider:3 | Identified the +2 pair of boots of Weuhilinn {rF++} (You
                  | found it on level 4 of the Spider Nest)
 23384 | Spider:4 | Upgraded the game from 0.27-a0-13-g87abb2d9eb to
                  | 0.27-a0-34-gc18c9092ac
 23564 | Spider:4 | Got a gossamer rune of Zot
 23920 | Orc:1    | Entered Level 1 of the Orcish Mines
 24010 | Orc:1    | Found a dark tunnel.
 24020 | Volcano  | Entered a volcano
 24496 | Orc:2    | Entered Level 2 of the Orcish Mines
 24661 | Orc:2    | Gained mutation: You passively map a large area around you.
                  | [Deep Dwarf growth]
 24661 | Orc:2    | Reached XP level 18. HP: 170/175 MP: 17/17
 24891 | Orc:2    | Found a staircase to the Elven Halls.
 24925 | Orc:2    | Found Kaxzal's Gadget Shoppe.
 25070 | Orc:2    | Found Pum Suit's Distillery.
 25071 | Orc:2    | Found Kypori's Gadget Shoppe.
 25083 | Orc:2    | Found Fisu's Antique Armour Shop.
 25085 | Orc:2    | Bought a potion of heal wounds for 60 gold pieces
 25085 | Orc:2    | Bought a potion of heal wounds for 60 gold pieces
 25085 | Orc:2    | Bought a potion of heal wounds for 60 gold pieces
 25085 | Orc:2    | Bought a potion of haste for 120 gold pieces
 25085 | Orc:2    | Bought a potion of curing for 36 gold pieces
 25092 | Orc:2    | Found Usapp's Antique Weapon Emporium.
 25426 | Elf:1    | Entered Level 1 of the Elven Halls
 25556 | Elf:1    | Found Difuhy's Antique Armour Shop.
 25804 | Elf:1    | Found Xajioge's Gadget Shop.
 26020 | Elf:1    | Found Tieneeme's Weapon Shop.
 26100 | Elf:1    | Found Qaejah's Weapon Emporium.
 26416 | Elf:2    | Found a ruined gateway.
 26437 | Desolati | Entered the Desolation of Salt
 26641 | Desolati | Reached skill level 1 in Slings
 26641 | Desolati | Reached skill level 1 in Crossbows
 26641 | Desolati | Reached skill level 15 in Shields
 26641 | Desolati | Reached skill level 1 in Evocations
 26641 | Desolati | Reached XP level 19. HP: 121/182 MP: 18/18
 26643 | Desolati | Got a crude brass ring
 26645 | Desolati | Identified the ring of Ehysuwum {rPois Will+} (You found it
                  | in the Desolation of Salt)
 26648 | Desolati | Got a vibrating silver ring
 26650 | Desolati | Identified the ring of Dogma {Will- MP+9 Int+4 Dex+4} (You
                  | found it in the Desolation of Salt)
 26659 | Desolati | Got a steaming buckler
 26669 | Desolati | Identified the +1 buckler of Weyppif {Regen+ Str+3 Int-5}
                  | (You found it in the Desolation of Salt)
 26878 | Desolati | Found the ring of the Mage {Wiz Will++ Int+3}
 26883 | Desolati | Found the +18 shield of the Gong {rElec rN+ Will+ EV-5}
 27000 | Desolati | Reached skill level 15 in Long Blades
 27089 | Desolati | Reached skill level 15 in Fighting
 27097 | Desolati | Got a sparkling ruby amulet
 27408 | Desolati | Identified the Incunabulum of Unholy Weightlessness
 27424 | Desolati | Got a glimmering great sword
 27424 | Desolati | Identified the cursed +1 great sword of the Pits of Slime
                  | {venom, +Blink Int+5} (You found it in the Desolation of
                  | Salt)
 27498 | Elf:2    | Found Vuirgh's One-of-a-Kind Books.
 27612 | Elf:2    | Found a runed translucent gate.
 27612 | Elf:2    | Found a runed translucent gate.
 27612 | Elf:2    | Found a runed translucent gate.
 27618 | Elf:2    | Reached XP level 20. HP: 138/194 MP: 17/17
 27659 | Elf:2    | Found Mucell's Distillery.
 27673 | Elf:2    | Bought a potion of might for 68 gold pieces
 27673 | Elf:2    | Bought 2 potions of curing for 102 gold pieces
 27673 | Elf:2    | Bought a potion of curing for 51 gold pieces
 28517 | Elf:3    | Entered Level 3 of the Elven Halls
 28724 | Elf:3    | Noticed Asterion
 28758 | Elf:3    | Gained mutation: You are clumsy. (Dex -2) [a cacodemon]
 28766 | Elf:3    | Killed Asterion
 28833 | Elf:3    | Found a runed translucent gate.
 28833 | Elf:3    | Found a runed translucent gate.
 28833 | Elf:3    | Found a runed translucent gate.
 28833 | Elf:3    | Noticed teolandon225's ghost (adept MiBe)
 29104 | Elf:3    | Reached skill level 5 in Stealth
 29572 | Elf:3    | Got steaming ice dragon scales
 29582 | Elf:3    | Identified the +0 ice dragon scales of Haibuss {Harm *Slow
                  | rF- rC++ Regen+ Int+8} (You found it on level 3 of the
                  | Elven Halls)
 29697 | Elf:1    | Bought shiny gold dragon scales for 2490 gold pieces
 29902 | Vaults:1 | Entered Level 1 of the Vaults
 30006 | Vaults:1 | Found Tiosys's Magic Scroll Emporium.
 30123 | Vaults:1 | Bought a scroll of identify for 30 gold pieces
 30123 | Vaults:1 | Bought 3 scrolls of identify for 90 gold pieces
 30123 | Vaults:1 | Bought a scroll of identify for 30 gold pieces
 30123 | Vaults:1 | Bought 2 scrolls of identify for 60 gold pieces
 30123 | Vaults:1 | Bought a scroll of identify for 30 gold pieces
 30123 | Vaults:1 | Bought a scroll of identify for 30 gold pieces
 30123 | Vaults:1 | Bought a scroll of identify for 30 gold pieces
 30400 | Elf:3    | Identified the amulet "Saycs" {Reflect Will++ SH+5} (You
                  | found it in the Desolation of Salt)
 31260 | Vaults:1 | Reached XP level 21. HP: 167/204 MP: 15/15
 32248 | Vaults:2 | Found a staircase to the Crypt.
 32421 | Vaults:2 | Found Faux's Distillery.
 32440 | Vaults:2 | Bought a potion of heal wounds for 100 gold pieces
 33594 | Vaults:3 | Found Zepaegg's General Store.
 33602 | Vaults:3 | Bought a scroll of enchant armour for 127 gold pieces
 34495 | Vaults:3 | Found Agewoofa's Antique Armour Shoppe.
 34558 | Vaults:4 | Found Mafafaycs's Antique Armour Boutique.
 34586 | Vaults:4 | Noticed Mara
 34598 | Vaults:4 | Bought a runed tower shield for 217 gold pieces
 34598 | Vaults:4 | Bought an embroidered scarf for 232 gold pieces
 34619 | Vaults:4 | Noticed robertstho's illusion
 34639 | Vaults:4 | Noticed robertstho's illusion
 34792 | Vaults:4 | Found Rieqiodgh's Distillery.
 34797 | Vaults:4 | Bought a potion of heal wounds for 115 gold pieces
 34822 | Vaults:4 | Reached XP level 22. HP: 203/216 MP: 14/14
 35003 | Vaults:4 | Noticed robertstho's illusion
 35019 | Vaults:4 | Killed Mara
 35349 | Vaults:4 | Found Teann's Armour Boutique.
 35453 | Vaults:4 | Noticed Aizul
 35464 | Vaults:4 | Killed Aizul
 35555 | Vaults:4 | Found Liutaf's Distillery.
 35568 | Vaults:4 | Bought a potion of heal wounds for 60 gold pieces
 35632 | Vaults:4 | Found Xeajijos's Distillery.
 35989 | Vaults:5 | Entered Level 5 of the Vaults
 36569 | Vaults:5 | Got a silver rune of Zot
 36664 | Vaults:5 | Noticed Xtahua
 36701 | Vaults:5 | Killed Xtahua
 36830 | Vaults:5 | Cast into level 3 of the Abyss (tengu reaver)
 36861 | Abyss:3  | Got an ichor-stained buckler
 36881 | Abyss:3  | Got a pair of dazzling gloves
 36973 | Abyss:3  | Paralysed by accursed screaming for 1 turns
 36981 | Abyss:3  | Paralysed by accursed screaming for 1 turns
 36998 | Abyss:3  | Reached XP level 23. HP: 123/202 MP: 8/12
 37028 | Abyss:3  | Identified the +1 pair of gloves of Theory {+Inv rC+++
                  | Str-4 Int-4} (You found it on level 3 of the Abyss)
 37039 | Abyss:3  | Identified the +1 buckler of the Present {rElec Slay+6}
                  | (You found it on level 3 of the Abyss)
 37187 | Vaults:5 | Escaped the Abyss
 37373 | Vaults:5 | Found the brooch of Shielding {Spirit SH+8}
 37415 | Vaults:5 | Found the +3 Elemental Staff {rElec rF++ rC++ Will++ AC+5}
 37685 | Vaults:5 | Identified the +5 scimitar of Shrieking Terror {flame,
                  | *Drain Will+ SInv} (You found it on level 5 of the Vaults)
 38865 | Crypt:1  | Entered Level 1 of the Crypt
 39352 | D:9      | Killed sahdkjhfkaj's ghost
 39398 | D:8      | Killed Asceticacid's ghost
 39555 | Depths:1 | Entered Level 1 of the Depths
 39605 | Depths:1 | Found Wagyiq's Gadget Shoppe.
 40094 | Depths:1 | Noticed Sojobo
 40132 | Depths:1 | Killed Sojobo
 40208 | Depths:1 | Found a gateway to Hell.
 40311 | Depths:1 | Found a gateway to a ziggurat.
 40423 | Depths:1 | Found a runed translucent door.
 40423 | Depths:1 | Found a shimmering altar of Xom.
 40423 | Depths:1 | Noticed Geil's ghost (adept TrFi)
 40551 | Depths:1 | Killed Geil's ghost
 40798 | Vaults:4 | Bought the +2 ratskin cloak {*Rats rPois rN+ Str-1 Int-1
                  | Dex+1} for 806 gold pieces
 40798 | Vaults:4 | Found the +2 ratskin cloak {*Rats rPois rN+ Str-1 Int-1
                  | Dex+1}
 41110 | Crypt:1  | Reached XP level 24. HP: 238/238 MP: 14/14
 41703 | Crypt:1  | Identified the Compendium of Black Rites
 42391 | Crypt:3  | Entered Level 3 of the Crypt
 42518 | Crypt:3  | Found a staircase to the Tomb.
 42631 | Crypt:3  | Found a basalt altar of Yredelemnul.
 42927 | Crypt:3  | Found the +5 scythe "Finisher" {speed, eviscerate}
 42934 | Crypt:3  | Got a faintly glowing marble ring
 43443 | Crypt:3  | Got a slimy broad axe
 43443 | Crypt:3  | Identified the +8 broad axe of the Disturbing Artists
                  | {flame, rPois Int+2 Dex+5 SInv} (You found it on level 3 of
                  | the Crypt)
 43879 | Hell     | Entered the Vestibule of Hell
 43879 | Hell     | Noticed Geryon
 43928 | Hell     | Killed Geryon
 43984 | Hell     | Found a gateway to the ashen valley of Gehenna.
 44052 | Hell     | HP: 5/241 [reaper/+2 scythe of protection (30)]
 44053 | Hell     | Slain by a reaper

Illustrated notes

Levels and vault maps discovered:
D:1:      wander_arrival_chamber, layout_basic, hangedman_decor_riveting
D:2:      cheibrodos_greedy_goblins, layout_loops_ring,
          yredelemnul_altar_generic
D:3:      layout_loops_ring, led_sif_pool, grunt_temple_overflow_open,
          chequers_ecumenical_altar_simple
D:4:      layout_basic, zin_angel
D:5:      cheibrodos_quashed, layout_basic, portal_sewer_entry_a
D:6:      layout_layer_cave, nicolae_ru_path_of_blood, uniq_maggie
D:7:      layout_basic, kiku_gazebo_pond_becter, minmay_temple_entry_waves
D:8:      layout_loops_ring, overflow_temple_1_default,
          ebering_ghost_disaster_area, kennysheep_cluttered_room
D:9:      layout_rooms, marbit_many_paths, gammafunk_ghost_hive,
          grunt_dithmenos_shadows, uniq_erica, uniq_grum, uniq_psyche
D:10:     layout_cave_pools, david_lair_generic, serial_shops, shop_statue,
          nicolae_shop_trees, shop, nooodl_orcs_dogs
D:11:     layout_cave_pools, zombieorc1_lemuel, minmay_misc_feat_doors,
          nicolae_wwwww, minmay_mirror_moons_of_madness
D:12:     layout_rooms
D:13:     layout_rooms, kennysheep_opposing_triangles, uniq_frances
D:14:     layout_layer_cave, david_vaults_2, serial_shops, kennysheep_mini,
          gammafunk_ghost_crypt, uniq_roxanne
D:15:     grunt_enter_depths_magical_seal, layout_loops_ring,
          minmay_misc_feat_square, uniq_kirke
Temple:   dpeg_chambers_temple
Lair:1:   layout_loops_ring, serial_bayou_shore_a, uniq_prince_ribbit2
Lair:2:   layout_misc_corridors, minmay_swamp_entry_reptiles, lemuel_fruit_tree,
          minmay_lair_oklob_chamber
Lair:3:   lemuel_slime, layout_cave_pods, infiniplex_staircase_pool_2,
          grunt_megastairs_5
Lair:4:   layout_cave_pods, spider_nest_entry_rubble, serial_bayou_shore_b,
          uniq_nergalle
Lair:5:   layout_cave_pods, special_room [special_room_bee], serial_rivers,
          chequers_serial_rivers_large_a, chequers_serial_rivers_marsh,
          chequers_serial_rivers_small_a, chequers_serial_rivers_small_a,
          uniq_nessos
Lair:6:   due_jungle_book, layout_long_grid, slime_altar_1, uniq_josephine
Swamp:1:  layout_basic_swamp, evilmike_swamp_ruin_house_6, swamp_pool4
Swamp:2:  layout_basic_swamp, evilmike_swamp_ruin_house_1, swamp_pool1,
          nicolae_swamp_stair_fork
Swamp:3:  layout_basic_swamp, evilmike_swamp_ruin_house_4
Swamp:4:  grunt_swamp_rune_castle, layout_basic_swamp, swamp_pool2,
          infiniplex_staircase_pool
Spider:1: layout_spider_delve
Spider:2: layout_spider_delve, drop_trap, uniq_arachne
Spider:3: layout_spider_delve, uniq_bai_suzhen
Spider:4: grunt_spider_rune_circles, guppyfry_spider_mini_3
Orc:1:    layout_caves, nicolae_volcano_entry_vermiform
Orc:2:    st_orc_open, layout_diamond_mine, serial_shops,
          nicolae_shop_waterfront
Elf:1:    minmay_elf_arrival_circle, layout_gridlike, serial_shops, shop,
          nicolae_shop_crystal, shop, nicolae_shop_overgrown_old_shop,
          hangedman_elven_crosses_minicolossus
Elf:2:    layout_geoelf_diagonals, portal_desolation_entry_salt, serial_shops,
          shop, nicolae_rare_books, statue_in_the_mist_lemuel
Elf:3:    minmay_elf_hall_circle, layout_loops_cross, ebering_ghost_rock_garden,
          uniq_asterion
Vaults:1: v_misc_3, vaults_room_grunt_arrival_ludios,
          nicolae_vaults_three_branches, vaults_mumra_lcd,
          ontoclasm_vaults_ring_large, v_misc_5, vaults_mumra_chevron_long,
          hangedman_vaults_cutoff, nicolae_vaults_network_quinsquares
          [nicolae_vaults_network_quincunx_subvault,
          nicolae_vaults_network_quincunx_subvault,
          nicolae_vaults_network_quincunx_subvault,
          nicolae_vaults_network_quincunx_subvault], v_misc_22,
          nicolae_vaults_little_squares_4, layout_vaults_ring, serial_shops,
          shop
Vaults:2: minmay_crypt_entry_simple_round, nicolae_vaults_big_angled_halls,
          ontoclasm_vaults_spin, nicolae_vaults_little_squares_6,
          nicolae_vaults_murderbox, grunt_vaults_diagonal, vaults_room_hallway,
          dpeg_vaults_monster_box, v_misc_11, nicolae_vaults_mini_display_case,
          hangedman_vaults_cutoff, hangedman_vaults_slither,
          nicolae_vaults_specimen_jars, nicolae_vaults_little_squares_2,
          ontoclasm_vaults_bender, layout_vaults_omnibox, serial_shops,
          shop_coins, uniq_margery
Vaults:3: ontoclasm_vaults_gateway, hangedman_vaults_nodes,
          vaults_room_mumra_shop_pool, dpeg_vaults_monster_row,
          layout_vaults_quadrants, serial_shops, nicolae_shop_trees
Vaults:4: vaults_room_grid, hangedman_vaults_capsules, nicolae_vaults_big_ls,
          v_misc_28, ontoclasm_vaults_echo, hangedman_vaults_stagger,
          ontoclasm_vaults_eye, hangedman_vaults_trim, vaults_room_pools,
          layout_vaults_big_cross, serial_shops, shop,
          nicolae_shop_window_shopping, shop, nicolae_shop_trees,
          nicolae_shop_crystal, uniq_aizul, uniq_mara
Vaults:5: uniq_xtahua
Crypt:1:  layout_catacombs, special_room [special_room_morgue]
Crypt:2:  layout_misc_corridors
Crypt:3:  church_of_pain_bobbens, layout_chaotic_city
Depths:1: layout_cave_shapes, enter_ziggurat_c, serial_shops, shop,
          ebering_ghost_xom, grunt_hell_entry_dis_grunt,
          hangedman_decor_peaks_small, nrook_kobold_shadow_demons,
          grunt_megastairs_2, serial_bayou_shore_b, uniq_sojobo
Hell

Skill      XL: |  1  2  3  4  5  6  7  8  9 10 11 12 13 14 15 16 17 18 19 20 21 22 23 24 |
---------------+-------------------------------------------------------------------------+-----
Fighting       | 3 4 5 6 7 9 10 11 12 13 14 15 16 17 18 19 | 19.1
Armour         | 4 5 6 7 8 10 11 12 13 14 15 16 17 18 19 20 21 | 21.2
Axes           | 3 4 5 6 7 |  7.3
Dodging        | 1 2 3 4 5 6 7 |  7.9
Shields        | 4 5 6 9 11 12 14 15 16 18 19 20 | 20.8
Maces & Flails | 2 4 |  4.5
Invocations    | 3 5 7 9 10 12 13 14 15 16 17 18 19 20 21 | 21.3
Stealth        | 1 2 3 4 5 |  5.6
Long Blades    | 2 5 7 10 11 12 13 14 15 16 17 | 17.8
Slings         | 1 |  1.1
Crossbows      | 1 |  1.0
Evocations     | 1 |  1.8
Short Blades   | |  0.5
Bows           | |  0.3
Throwing       | |  0.5

Action                   |  1- 3 |  4- 6 |  7- 9 | 10-12 | 13-15 | 16-18 | 19-21 | 22-24 || total
-------------------------+-------+-------+-------+-------+-------+-------+-------+-------++-------
Melee: War axe           |   131 |   180 |   113 |       |       |       |       |       ||   424
       Morningstar       |       |       |   115 |       |       |       |       |       ||   115
       Great sword       |       |       |    54 |   550 |       |   229 |   344 |   501 ||  1678
       Scimitar          |       |       |       |    77 |  1618 |  1643 |       |       ||  3338
       Long sword        |       |       |       |       |       |       |  1807 |   721 ||  2528
       Double sword      |       |       |       |       |       |       |       |  1090 ||  1090
       Broad axe         |       |       |       |       |       |       |       |     7 ||     7
Invok: Lesser Servant of |       |       |       |       |    24 |    46 |    12 |       ||    82
       Greater Servant o |       |       |       |       |       |       |    12 |    11 ||    23
 Abil: Heal Wounds       |       |     5 |    15 |    27 |    13 |    23 |    35 |    23 ||   141
       Evoke Blink       |       |       |       |       |       |       |     1 |       ||     1
Evoke: Wand              |       |       |       |     1 |     2 |     5 |     2 |       ||    10
       Box of beasts     |       |       |       |       |       |     1 |       |       ||     1
  Use: Scroll            |       |     5 |     7 |     8 |    14 |     9 |    19 |    16 ||    78
       Potion            |       |     1 |     7 |     4 |     4 |    12 |     2 |     3 ||    33
 Stab: Distracted        |       |       |       |       |     9 |     6 |     9 |     5 ||    29
       Invisible         |       |       |       |       |       |    18 |       |       ||    18
Armor: Scale mail        |    51 |    70 |     9 |       |       |       |       |       ||   130
       Chain mail        |       |       |   126 |    65 |   599 |  1280 |   120 |       ||  2190
       Skin              |       |       |    37 |     3 |       |       |       |       ||    40
       Plate armour      |       |       |       |   706 |   584 |       |       |       ||  1290
       Storm dragon scal |       |       |       |       |       |   214 |   280 |       ||   494
       Gold dragon scale |       |       |       |       |       |       |   857 |  2415 ||  3272
Dodge: Dodged            |    50 |    59 |   109 |   423 |   582 |   934 |   646 |  1112 ||  3915
Block: Kite shield       |    67 |   108 |   140 |       |       |       |       |       ||   315
       Tower shield      |       |       |       |       |  1506 |  2651 |  2472 |   560 ||  7189
       Reflection        |       |       |       |       |    42 |    32 |   153 |    46 ||   273
       Other             |       |       |       |       |       |   106 |   110 |   175 ||   391
       Buckler           |       |       |       |       |       |       |       |  1354 ||  1354
       Rpst.: Great sword |       |       |     8 |   114 |       |    57 |    56 |    73 ||   308
       Scimitar          |       |       |       |    12 |   112 |    91 |       |       ||   215
       Long sword        |       |       |       |       |       |       |    78 |    27 ||   105
       Double sword      |       |       |       |       |       |       |       |   143 ||   143

Table legend: (Time is in decaauts)
 A = Elapsed time spent in this place.
 B = Non-inter-level travel time spent in this place.
 C = Inter-level travel time spent in this place.
 D = Time resting spent in this place.
 E = Time spent auto-exploring this place.
 F = Levels seen in this place.
 G = Mean time per level.
                   A        B        C        D        E       F      G
               +--------+--------+--------+--------+--------+-----+--------+
         Total |  43474 |  38328 |   5146 |    599 |  23276 |  49 |  887.2 |
       Dungeon |  13206 |  11320 |   1886 |    281 |   7491 |  15 |  880.4 |
        Temple |     16 |      8 |      8 |      0 |      0 |   1 |   16.0 |
          Lair |   6030 |   5362 |    668 |      0 |   3580 |   6 | 1005.0 |
         Swamp |   3072 |   2831 |    241 |    300 |   1548 |   4 |  768.0 |
   Spider Nest |   2919 |   2710 |    209 |      0 |   1576 |   4 |  729.8 |
  Orcish Mines |   1371 |   1136 |    235 |      0 |    687 |   2 |  685.5 |
   Elven Halls |   3610 |   2933 |    677 |      2 |   1837 |   3 | 1203.3 |
        Vaults |   7483 |   6623 |    860 |     14 |   3521 |   5 | 1496.6 |
         Crypt |   2909 |   2642 |    267 |      0 |   1778 |   3 |  969.7 |
        Depths |    997 |    906 |     91 |      0 |    541 |   1 |  997.0 |
          Hell |    134 |    134 |      0 |      0 |      0 |   1 |  134.0 |
         Abyss |    323 |    323 |      0 |      0 |     78 |   1 |  323.0 |
         Sewer |    170 |    170 |      0 |      0 |    109 |   1 |  170.0 |
       Volcano |    259 |    259 |      0 |      0 |    143 |   1 |  259.0 |
    Desolation |    969 |    969 |      0 |      2 |    384 |   1 |  969.0 |
               +--------+--------+--------+--------+--------+-----+--------+

Top non-repeatable levels by time:
Vaults:1: 1637 daAuts
Vaults:4: 1592 daAuts
Vaults:2: 1507 daAuts
Vaults:5: 1497 daAuts
    D:14: 1471 daAuts
   Elf:3: 1269 daAuts
Vaults:3: 1249 daAuts
  Lair:6: 1207 daAuts
   Elf:2: 1185 daAuts
   Elf:1: 1155 daAuts
 Crypt:3: 1151 daAuts
 Crypt:1: 1150 daAuts
  Lair:4: 1076 daAuts
    D:10: 1050 daAuts
  Lair:5: 1048 daAuts
